 Dungeon Crawl Stone Soup version bcrawl-1.19.1 (webtiles) character file.

Game seed: 11735210449520387475

55 mahrnol the Conjurer (level 3, -2/19 HPs)
             Began as a Skeleton Conjurer on Dec 2, 2019.
             Slain by a sky beast (6 damage)
             ... on level 1 of the Dungeon.
             The game lasted 00:06:44 (1782 turns).

mahrnol the Conjurer (Skeleton Conjurer)            Turns: 1782, Time: 00:06:45

Health: -2/19      AC:  2    Str: 12 (14) XL:     3   Next: 67%
Magic:  0/7        EV: 12    Int: 14      God:
Gold:   66         SH:  0    Dex: 11 (13) Spells: 5/8 levels left

rFire    . . .     SeeInvis .   (no weapon)
rCold    + . .     Gourm    .   (no shield)
rNeg     + + +     Faith    .   a - +0 robe
rPois    ∞         Spirit   +   (no helmet)
rElec    .         Reflect  .   (no cloak)
rCorr    .         Harm     .   (no gloves)
MR       .....                  (no boots)
Stlth    ++........             (no amulet)
HPRegen  0.06/turn              f - +4 ring of dexterity
MPRegen  0.10/turn              e - ring of wizardry

@: no status effects
A: no food or potions, cold resistance 1, deterioration 1, negative energy
resistance 3, torment resistance, unbreathing, magic shield, sturdy frame 1,
spell healing
a: no special abilities


You were on level 1 of the Dungeon.
You were not hungry.

You visited 1 branch of the dungeon, and saw 2 of its levels.

You collected 66 gold pieces.

Inventory:

Armour
 a - a +0 robe (worn)
Jewellery
 e - a ring of wizardry (right hand)
 f - a +4 ring of dexterity (left hand)
Scrolls
 b - a scroll of remove curse {unknown}
 c - a scroll of identify {unknown}
 d - a scroll of teleportation {unknown}


   Skills:
 + Level 2.1 Dodging
 + Level 2.7 Stealth
 + Level 3.4 Spellcasting
 + Level 6.1 Conjurations


You had 5 spell levels left.
You knew the following spells:

 Your Spells              Type           Power        Failure   Level  Hunger
a - Magic Dart            Conj           ###.         1%          1    N/A
b - Searing Ray           Conj           ###...       1%          2    N/A

Your spell library contained the following spells:

 Spells                   Type           Power        Failure   Level  Hunger
 Iskenderun's Mystic Bla  Conj           ###.....     1%          3    N/A
 Fulminant Prism          Conj/Hex       ##........   22%         4    N/A
 Irradiate                Conj/Tmut      ##........   52%         5    N/A

Dungeon Overview and Level Annotations

Branches:
Dungeon (2/12)

Altars:

Annotations:
D:2 exclusions: frilled lizard and leopard gecko


Innate Abilities, Weirdness & Mutations

You do not eat or drink.
You are immune to poison.
Your flesh is cold resistant. (rC+)
Your body sometimes deteriorates upon taking damage.
You are immune to negative energy. (rN+++)
You are immune to unholy pain and torment.
You can survive without breathing.
When hurt, damage is shared between your health and your magic reserves.
Your movements are slightly less encumbered by armour. (ER -2)
Casting spells heals you.


Message History

The sky beast shocks you.
Your body deteriorates!
You feel clumsy.
There is a stone staircase leading down here.
Casting: Searing Ray (safe; 1% risk of failure)
Confirm with . or Enter, or press ? or * to list all spells.
Aiming: Searing Ray (safe; 1% risk of failure)
Press: ? - help, Shift-Dir - straight line, f - sky beast
Aim: a sky beast The searing ray hits the sky beast.
The sky beast is lightly wounded. (Press . to maintain the ray.)
The sky beast hits you. The sky beast shocks you.
Without enough magic to sustain it, your searing ray dissipates.
The sky beast flickers out of sight!
Deactivating autopickup; reactivate with Ctrl-A.
Something hits you.
* * * LOW HITPOINT WARNING * * *
Your body deteriorates!
You feel weakened. Something shocks you.
You die...

#.######.# #.....# #.# #.
#.######.######.###.#####.#####.
#.##............# #...........#.
#.##.###.######.###.#####.......
#.##.# #.# #........# #####.##
#.##.###.# #......#.# #.#
#........# #.....##.# #.#
####.##### #{...###.# #.# #....#
#.@..# #.# #.# ####.# #.##.###.#
#.# ## #.# #........# #.# .# #.#
###...#### ####.## .# #.#
##.....## #...... .# ##.##
##.......## #..#.#.
.######...####......[..####....#.
.............+.........'...>...#.
#####.#...#.##.........####...##.


There were no monsters in sight!

Vanquished Creatures
  A worker ant (D:2)
  6 leopard geckos
  An orc (D:2)
  2 giant cockroaches (D:1)
  2 hobgoblins (D:2)
  4 kobolds (D:1)
  4 bats (D:1)
  2 frilled lizards
  4 rats (D:1)
26 creatures vanquished.

Notes
Turn   | Place    | Note
-------+----------+-------------------------------------------
     0 | D:1      | mahrnol the Skeleton Conjurer began the quest for the Orb.
     0 | D:1      | Reached XP level 1. HP: 10/10 MP: 4/4
    90 | D:1      | Reached skill level 5 in Conjurations
   280 | D:1      | Reached XP level 2. HP: 15/15 MP: 3/6
   284 | D:1      | Learned a level 2 spell: Searing Ray
  1345 | D:2      | Reached skill level 6 in Conjurations
  1345 | D:2      | Reached XP level 3. HP: 19/19 MP: 3/7
  1539 | D:2      | Noticed a sky beast
  1782 | D:1      | Slain by a sky beast

Skill      XL: |  1  2 |
---------------+-------+-----
Conjurations   | 5 6 |  6.1
Dodging        | |  2.1
Stealth        | |  2.7
Spellcasting   | |  3.4

Action                   || total
-------------------------++-------
 Cast: Magic Dart        ||    37
       Searing Ray       ||    12
Armor: Robe              ||     3
Dodge: Dodged            ||    11
